 Dungeon Sprint DCSS version 0.18.1-48-g4cf74bf (webtiles) character file.

445 NekoKawashu the Grappler (level 6, -7/68 HPs)
             Began as a Troll Monk on July 13, 2016.
             Was a Believer of the Shining One.
             Mangled by Sonja
             ... wielding a +0 dagger of distortion
              (21 damage)
             ... in the Dungeon (Sprint I: "Red Sonja").
             The game lasted 00:04:39 (182 turns).

NekoKawashu the Grappler (Troll Monk)                Turns: 182, Time: 00:04:40

Health: -7/68      AC:  5    Str: 21    XL:     6   Next: 72%
Magic:  5/5        EV: 12    Int:  6    God:    the Shining One [**....]
Gold:   162        SH:  0    Dex: 13    Spells: 0 memorised, 5 levels left

rFire  . . .     SeeInvis .       - Unarmed
rCold  . . .     Gourm    +     a - +0 robe
rNeg   + . .     Faith    .     (no shield)
rPois  .         Spirit   .     (helmet restricted)
rElec  .         Dismiss  .     (no cloak)
rCorr  .         Reflect  .     (gloves unavailable)
SustAt .         Harm     .     (boots unavailable)
MR     .....     NoTele   +     (no amulet)
Stlth  +.........               (no ring)
                                (no ring)

@: lethally poisoned (-7 -> -30), slowed, glowing, very slow, not resistant to
hostile enchantments, very unstealthy
A: unfitting armour, claws 3, fast metabolism 3, gourmand, regeneration 2,
shaggy fur 1, tough skin 2
a: Divine Shield, Renounce Religion


You were in the Dungeon.
You worshipped the Shining One.
The Shining One was pleased with you.
You were not hungry.

You visited 1 branch You collected 162 gold pieces.

Inventory:

Armour
 a - a +0 robe (worn)
Scrolls
 h - a scroll of blinking
Potions
 c - a potion of curing
 d - a potion of heal wounds
 e - a potion of haste
 f - 2 potions of magic
 g - a potion of berserk rage
Comestibles
 b - 2 bread rations


   Skills:
 + Level 6.7 Fighting
 + Level 6.2 Dodging
 + Level 1.8 Stealth
 + Level 10.8 Unarmed Combat


You had 5 spell levels left.
You didn't know any spells.

Dungeon Overview and Level Annotations

Branches:
Dungeon (1/1)

Altars:
Elyvilon
Gozag
Kikubaaqudgha
Makhleb
Nemelex Xobeh
Okawaru
Pakellas
Qazlal
Ru
Sif Muna
Trog
Vehumet
Xom
Yredelemnul
Zin
The Shining One

Shops:
D [

Annotations:
D Sonja


Innate Abilities, Weirdness & Mutations

You are too large for most types of armour.
You have claws for hands.
Your metabolism is lightning-fast.
You like to eat raw meat.
You heal very quickly.
You are covered in fur (AC +1).
You have very tough skin (AC +2).


Message History

You feel as though you will be slow longer.
You see here 2 curare-tipped needles.
You feel very sick.
Sonja shoots a curare-tipped needle.
The curare-tipped needle hits you.
You are more poisoned.
You have difficulty breathing.
You feel as though you will be slow longer.
Sonja shoots a curare-tipped needle.
The curare-tipped needle barely misses you.
You see here a curare-tipped needle.
* * * LOW HITPOINT WARNING * * *
You feel very sick.
Sonja unwields an uncursed enchanted blowgun.
Sonja wields an uncursed dagger of distortion.
Its appearance distorts for a moment.
Sonja hits you with an uncursed dagger of distortion.
* * * LOW HITPOINT WARNING * * *
You feel a strange sense of stasis. Sonja hits you but does no damage.
Space warps horribly around you!
You die...

#<.#..').#..'..#
#..'[.#..').#..+
#..#####'#####'#
#..####..# #$#
#..#__#### ##$#
#..#_.___##+#..+
#⌠⌠#_.∩...'..._#
####_..._##_K#+#
#_____###@#
#########(##


+$($+ #$.$# ##.## #+# You could see Sonja.

Vanquished Creatures
  Sigmund (D)
  A yak (D)
  An ogre (D)
  A jelly (D)
  Ijyb (D)
5 creatures vanquished.

Notes
Turn   | Place    | Note
--------------------------------------------------------------
     0 | D        | NekoKawashu the Troll Monk began the quest for the Orb.
     0 | D        | Reached XP level 1. HP: 22/22 MP: 0/0
     2 | D        | Noticed Ijyb
    19 | D        | Killed Ijyb
    19 | D        | Reached skill level 5 in Unarmed Combat
    19 | D        | Reached XP level 2. HP: 18/31 MP: 1/1
    23 | D        | Noticed an ogre
    27 | D        | Killed an ogre
    27 | D        | Reached skill level 7 in Unarmed Combat
    27 | D        | Reached XP level 3. HP: 29/40 MP: 2/2
    27 | D        | Reached XP level 4. HP: 35/49 MP: 3/3
    40 | D        | Noticed Sigmund
    47 | D        | Killed Sigmund
    47 | D        | Reached skill level 5 in Fighting
    47 | D        | Reached skill level 5 in Dodging
    47 | D        | Reached skill level 9 in Unarmed Combat
    47 | D        | Reached XP level 5. HP: 36/59 MP: 4/4
    47 | D        | Reached XP level 6. HP: 41/67 MP: 5/5
    62 | D        | Found a deep blue altar of Sif Muna.
    64 | D        | Found a radiant altar of Vehumet.
    72 | D        | Reached skill level 10 in Unarmed Combat
    76 | D        | Found Eblopha's Armour Emporium.
    76 | D        | Found a white marble altar of Elyvilon.
    76 | D        | Found a stormy altar of Qazlal.
    76 | D        | Found a burning altar of Makhleb.
    76 | D        | Found a sacrificial altar of Ru.
    76 | D        | Found an oddly glowing altar of Pakellas.
    76 | D        | Found a basalt altar of Yredelemnul.
    76 | D        | Found a glowing golden altar of the Shining One.
    76 | D        | Found a sparkling altar of Nemelex Xobeh.
    76 | D        | Found a shimmering altar of Xom.
    76 | D        | Found an opulent altar of Gozag.
    76 | D        | Found an ancient bone altar of Kikubaaqudgha.
    76 | D        | Found a glowing silver altar of Zin.
    76 | D        | Noticed a yak
    79 | D        | Killed a yak
    80 | D        | Found an iron altar of Okawaru.
    81 | D        | Found a bloodstained altar of Trog.
   164 | D        | Became a worshipper of the Shining One
   164 | D        | Reached * piety under the Shining One
   164 | D        | Reached ** piety under the Shining One
   177 | D        | Noticed Sonja
   182 | D        | Mangled by Sonja

Skill      XL: |  1  2  3  4  5  6 |
---------------+-------------------+-----
Fighting       | 3 4 5 6 |  6.7
Dodging        | 3 4 5 6 |  6.2
Unarmed Combat | 5 7 9 10 | 10.8
Stealth        | |  1.8

Action                   |  1- 3 |  4- 6 || total
-------------------------+-------+-------++-------
Melee: Unarmed           |    19 |    10 ||    29
       Punch             |       |     1 ||     1
Armor: Robe              |     1 |     1 ||     2
Dodge: Dodged            |    10 |     5 ||    15
